 Dungeon Crawl Stone Soup version 0.27.1-3-gb3d3a73c9e (webtiles) character file.

Game seed: 9454584305041462861

158 raph the Conjurer (level 5, -1/29 HPs)
             Began as a Deep Elf Conjurer on Oct 26, 2021.
             Slain by a goblin (2 damage)
             ... led by Robin
             ... on level 3 of the Dungeon.
             The game lasted 00:04:26 (2446 turns).

raph the Conjurer (Deep Elf Conjurer)               Turns: 2446, Time: 00:04:27

Health: -1/29      AC:  3    Str:  4    XL:     5   Next: 16%
Magic:  3/13       EV: 13    Int: 24    God:
Gold:   88         SH:  0    Dex: 13    Spells: 6/12 levels left

rFire    . . .     SeeInvis .   l - +0 dagger (elec)
rCold    . . .     Faith    .   (no shield)
rNeg     . . .     Spirit   .   a - +0 robe
rPois    .         Reflect  .   (no helmet)
rElec    .         Harm     .   (no cloak)
rCorr    .         Rampage  .   (no gloves)
Will     .....                  f - +0 pair of boots
Stlth    ++........             (no amulet)
HPRegen  0.09/turn              (no ring)
MPRegen  0.13/turn              (no ring)

@: no status effects
A: no striking features
a: no special abilities


You were on level 3 of the Dungeon.
You visited 1 branch of the dungeon, and saw 3 of its levels.

You collected 88 gold pieces.

Inventory:

Hand Weapons
 b - a +0 short sword
 l - a +0 dagger of electrocution (weapon)
Armour
 a - a +0 robe (worn)
 f - a +0 pair of boots (worn)
Scrolls
 c - 2 scrolls of identify
 d - a scroll of enchant weapon {unknown}
 e - a scroll of teleportation
Potions
 g - a potion of brilliance
 h - a potion of flight
 j - a potion of curing
 k - 2 potions of might


   Skills:
 + Level 1.5 Fighting
 + Level 3.3 Dodging
 + Level 3.5 Stealth
 + Level 4.0 Spellcasting
 * Level 5.4 Conjurations


You had 6 spell levels left.
You knew the following spells:

 Your Spells              Type           Power      Damage    Failure   Level
a - Magic Dart            Conj           100%       1d8       1%          1
b - Searing Ray           Conj           62%        3d5       1%          2
c - Dazzling Flash        Conj/Hex       34%        N/A       10%         3

Your spell library contained the following spells:

 Spells                   Type           Power      Damage    Failure   Level
 Fulminant Prism          Conj/Hex       8%         3d7       32%         4
 Iskenderun's Mystic Bla  Conj/Tloc      17%        2d5       32%         4


Dungeon Overview and Level Annotations

Branches:
Dungeon (3/15)

Altars:

Annotations:
D:3 Robin


Message History

Aim: an orc priest, wielding a +0 hand axe (heavily wounded, 100% to hit)
The magic dart hits the orc priest.
The orc priest is almost dead.
The orc priest drinks a potion.
The orc priest seems to speed up.
You aren't carrying any items that you can evoke.
The orc priest mumbles some strange prayers to Beogh against you.
Pain shoots through your body!
Aiming: Magic Dart (safe; 1% risk of failure)
Press: ? - help, Q - select action, (/) - cycle Shift-Dir - straight line, f/p - orc priest
Aim: an orc priest, wielding a +0 hand axe (severely wounded, fast, 100% to hit)
The magic dart hits the orc priest.
The orc priest is almost dead.
The orc priest barely misses you.
The orc priest begins to cast a cantrip, but forgets the words!
You barely miss the orc priest.
The orc priest is almost dead.
The orc priest hits you with a +0 hand axe.
You closely miss the orc priest.
The orc priest is almost dead.
The orc priest hits you with a +0 hand axe.
* * * LOW HITPOINT WARNING * * *
The orc priest closely misses you.
You closely miss the orc priest.
The orc priest is almost dead.
The orc priest hits you with a +0 hand axe.
* * * LOW HITPOINT WARNING * * *
You hit the orc priest but do no damage.
Lightning courses through the orc priest!!
You kill the orc priest!
Your Spellcasting skill increases to level 4!
You have reached level 5!
Press: ? - help, v - describe, . - travel
Here: a goblin, wielding a +0 rapier The floor.
You closely miss the goblin.
You hear the brisk rusting of a very distant drain.
The goblin hits you with a +0 rapier.
* * * LOW HITPOINT WARNING * * *
The goblin hits you with a +0 dagger.
You die...

######################
............)........#
....################.#
##.## #.# ...# #.#
o### #.# g# #####.# .#
#.g...# .# #@##### o#
#g# g# #.# .# ... ##
##... #.### #.# #g#
..#


You could see 3 goblins.

Vanquished Creatures
  An orc priest (D:3)
  An orc wizard (D:3)
  4 gnolls (D:2)
  An adder (D:2)
  A dart slug (D:3)
  An orc (D:3)
  2 ball pythons (D:1)
  5 endoplasms
  A giant cockroach (D:1)
  12 goblins
  5 hobgoblins
  2 quokkas
  3 bats
  10 frilled lizards
  A kobold (D:1)
  5 rats
55 creatures vanquished.

Notes
Turn   | Place    | Note
-------+----------+-------------------------------------------
     0 | D:1      | raph the Deep Elf Conjurer began the quest for the Orb.
     0 | D:1      | Reached XP level 1. HP: 10/10 MP: 6/6
   216 | D:1      | Reached XP level 2. HP: 15/15 MP: 6/8
   339 | D:1      | Learned a level 2 spell: Searing Ray
  1136 | D:2      | Reached XP level 3. HP: 20/20 MP: 5/9
  1162 | D:2      | Reached skill level 1 in Fighting
  1162 | D:2      | Reached skill level 5 in Conjurations
  1268 | D:2      | Learned a level 3 spell: Dazzling Flash
  1437 | D:2      | Reached XP level 4. HP: 25/25 MP: 6/11
  2078 | D:3      | Noticed Robin
  2431 | D:3      | Reached XP level 5. HP: 5/29 MP: 1/13
  2446 | D:3      | HP: 1/29 [goblin[Robin] (6)]
  2446 | D:3      | Slain by a goblin

Illustrated notes

Levels and vault maps discovered:
D:1:      wander_arrival_estate, layout_rooms, minmay_misc_feat_cross
D:2:      layout_loops_ring, minmay_lizard_pond
D:3:      minmay_chambers_of_twos, layout_basic, serial_shops,
          nicolae_lakefront_shop, portal_sewer_entry_e, uniq_terence,
          uniq_robin, uniq_sigmund

Skill      XL: |  1  2  3  4 |
---------------+-------------+-----
Dodging        | 3 |  3.3
Stealth        | 3 |  3.5
Fighting       | 1 |  1.5
Conjurations   | 5 |  5.4
Spellcasting   | 4 |  4.0

Action                   |  1- 3 |  4- 6 || total
-------------------------+-------+-------++-------
Melee: Short sword       |     2 |     1 ||     3
       Dagger            |       |     7 ||     7
 Cast: Magic Dart        |    21 |    17 ||    38
       Searing Ray       |    14 |    10 ||    24
  Use: Scroll            |       |     8 ||     8
 Stab: Sleeping          |       |     2 ||     2
Armor: Robe              |     1 |     1 ||     2
Dodge: Dodged            |       |     7 ||     7
